 Dungeon Crawl Stone Soup version bcrawl-1.40.3b (webtiles) character file.

Game seed: 15949463214830565501

113415 Amelense the Sneak (level 4, -2/32 HPs)
             Began as a Human Wanderer on Feb 6, 2024.
             Slain by a scorpion (7 damage)
             ... on level 4 of the Dungeon.
             The game lasted 00:14:24 (2399 turns).

Amelense the Sneak (Human Wanderer)                 Turns: 2399, Time: 00:14:24

Health: -2/32      AC:  4    Str:  9    XL:     4   Next: 90%
Magic:  5/5        EV: 12    Int: 11    God:
Gold:   162        SH:  0    Dex: 18    Spells: 5/5 levels left

rFire    + . .     GDR:     29% n - +0 dagger (chaos)
rCold    + . .     SeeInvis .   (no shield)
rNeg     . . .     Gourm    .   f - +1 robe
rPois    .         Faith    +   (no helmet)
rElec    .         Spirit   .   r - scarf {rC+ rF+}
rCorr    .         Reflect  .   i - +0 pair of gloves
MR       .....                  (no boots)
Stlth    +++.......             k - amulet of faith
HPRegen  0.15/turn              t - ring of wizardry
MPRegen  0.09/turn              (no ring)

@: no status effects
A: no striking features
a: no special abilities


You were on level 4 of the Dungeon.
You were very full.

You visited 1 branch of the dungeon, and saw 4 of its levels.

You collected 162 gold pieces.

Inventory:

Hand Weapons
 a - a +2 dagger
 c - a +4 flail
 n - a +0 dagger of chaos (weapon)
 p - a +0 hunting sling
Missiles
 j - 446 bolts
 w - 118 sling bullets (quivered)
Armour
 f - a +1 robe (worn)
 i - a +0 pair of gloves (worn)
 r - a scarf of resistance (worn)
 x - a +0 leather armour
Jewellery
 k - an amulet of faith (around neck)
 t - a ring of wizardry (left hand)
Wands
 l - a wand of polymorph (2)
Scrolls
 b - a scroll of summoning
 h - a scroll of fear
 q - a scroll of amnesia {unknown}
 v - a scroll of immolation
Potions
 d - 2 potions of flight
 g - 2 potions of curing {unknown}
 m - a potion of heal wounds {unknown}
 o - 2 potions of lignification {unknown}
 s - a potion of degeneration {unknown}
 u - 2 potions of brilliance {unknown}
 z - a potion of might {unknown}
Comestibles
 e - 9 rations {!d}
 A - a chunk of flesh


   Skills:
 * Level 1.6 Fighting
 * Level 1.2 Short Blades
 + Level 0.9 Maces & Flails
   Level 1.1 Polearms
 * Level 1.2 Dodging
 + Level 5.3 Stealth
 + Level 1.0 Spellcasting
   Level 2.1 Transmutations
   Level 2.1 Poison Magic


You had 5 spell levels left.
You didn't know any spells.
Your spell library was empty.

Dungeon Overview and Level Annotations

Branches:
Dungeon (4/12)
 Temple: D:4-7

Altars:


Message History

You open the door.
There is an open door here.
You open the door.
A yak comes into view.
You have encountered a dangerous foe!
You hear a grinding noise.
You hear a grinding noise.
You hear a grinding noise.
You open the door.
There is an open door here.
The yak closely misses you.
A scorpion comes into view.
The yak gores you!
The yak snorts and paws the ground.
The yak gores you. The scorpion stings you. The yak closely misses you.
The yak gores you!
* * * LOW HITPOINT WARNING * * *
The scorpion stings you!
You die...

. ##...##
#.....#......
#.....#.....
#.....#....
#######..###....
#.....#..#....#
#.....#..#....#
#..^..#..#....#
#.....##'#.@..####
#........s......#
#........Y......#
#...............#
#...............#
#....##+###+#####
#....# #....#
######


You could see a yak and a scorpion.

Vanquished Creatures
  Ijyb (D:3)
  A hound skeleton (D:3)
  A dart slug (D:2)
  2 leopard geckos
  6 orcs
  3 ball pythons
  4 bats
  3 giant cockroaches (D:1)
  5 goblins (D:1)
  5 hobgoblins
  2 jackals (D:1)
  4 kobolds
  3 frilled lizards (D:1)
40 creatures vanquished.

Notes
Turn   | Place    | Note
-------+----------+-------------------------------------------
     0 | D:1      | Amelense the Human Wanderer began the quest for the Orb.
     0 | D:1      | Amelense set off with the following items: a +2 dagger, a
                  | scroll of summoning, a potion of berserk rage, a potion of
                  | flight, a ration {!d}, a +0 robe
     0 | D:1      | Reached XP level 1. HP: 15/15 MP: 2/2
    87 | D:1      | Reached skill level 4 in Stealth
   238 | D:1      | Reached XP level 2. HP: 21/21 MP: 3/3
   575 | D:1      | Reached XP level 3. HP: 26/26 MP: 4/4
  1133 | D:2      | Reached skill level 5 in Stealth
  1852 | D:3      | Reached XP level 4. HP: 27/32 MP: 5/5
  1898 | D:3      | Noticed Ijyb
  1954 | D:4      | Reached skill level 1 in Dodging
  1972 | D:3      | Reached skill level 1 in Short Blades
  2096 | D:3      | Killed Ijyb
  2365 | D:4      | Noticed a yak
  2399 | D:4      | Slain by a scorpion

Skill      XL: |  1  2  3  4 |
---------------+-------------+-----
Stealth        | 4 5 |  5.3
Dodging        | 1 |  1.2
Short Blades   | 1 |  1.2
Fighting       | |  1.6
Maces & Flails | |  0.9
Polearms       | |  1.1
Spellcasting   | |  1.0
Transmutations | |  2.1
Poison Magic   | |  2.1

Action                   |  1- 3 |  4- 6 || total
-------------------------+-------+-------++-------
Melee: Dagger            |    71 |    16 ||    87
       Flail             |    14 |    24 ||    38
       Unarmed           |       |     3 ||     3
Evoke: Wand              |       |     2 ||     2
  Use: Scroll            |     2 |     4 ||     6
       Potion            |     1 |       ||     1
 Stab: Sleeping          |     8 |       ||     8
       Invisible         |       |     1 ||     1
  Eat: Chunk             |     4 |     2 ||     6
       Ration            |       |     3 ||     3
Armor: Robe              |    27 |    21 ||    48
Dodge: Dodged            |    41 |    53 ||    94
